 Dungeon Crawl Stone Soup version 0.28.0-43-g3370ac3207 (webtiles) character file.

Game seed: 5472405245057703851

13107 boopmooplesden the Spear-Bearer (level 11, -1/97 HPs)
             Began as a Minotaur Berserker on Mar 27, 2022.
             Was a High Priest of Trog.
             Killed from afar by an electric eel (14 damage)
             ... with a bolt of electricity
             ... on level 9 of the Dungeon.
             The game lasted 00:16:16 (11891 turns).

boopmooplesden the Spear-Bearer (MiBe)             Turns: 11891, Time: 00:16:18

Health: -1/97      AC: 18    Str: 24    XL:     11   Next: 71%
Magic:  10/10      EV: 13    Int:  9    God:    Trog [*****.]
Gold:   504        SH:  8    Dex: 12    Spells: 10/10 levels left

rFire   + + +      SeeInvis +   a - +2 spear
rCold   + . .      Faith    .   e - +2 buckler of Qigh {Rampage rF++ Will++}
rNeg    . . .      Spirit   .   l - +2 scale mail {rF+}
rPois   .          Reflect  .   (helmet restricted)
rElec   .          Harm     +   D - scarf {harm}
rCorr   .          Rampage  +   m - +2 pair of gloves
Will    ++...                   (no boots)
Stlth   +.........              (no amulet)
HPRegen 0.26/turn               u - ring of Oneos {rC+ Int+5 Slay-2 SInv}
MPRegen 0.12/turn               r - +4 ring of protection

@: no status effects
A: horns 2, retaliatory headbutt
a: Renounce Religion, Berserk, Trog's Hand, Brothers in Arms


You were on level 9 of the Dungeon.
You worshipped Trog.
Trog was extremely pleased with you.
You visited 1 branch of the dungeon, and saw 10 of its levels.
You also visited: Sewer and Bailey.

You collected 504 gold pieces.

Inventory:

Hand Weapons
 a - a +2 spear (weapon)
 C - a +0 short sword
 G - a +1 glaive of venom
Missiles
 h - 6 javelins (quivered)
 i - a throwing net
 o - 13 boomerangs
Armour
 b - a +0 animal skin
 e - the +2 buckler of Qigh (worn) {Rampage rF++ Will++}
   (You acquired it in a sewer)

   rF:        It greatly protects you from fire.
   Rampage:   It bestows one free step when moving towards enemies.
   Will:      It greatly increases your willpower.
 l - a +2 scale mail of fire resistance (worn)
 m - a +2 pair of gloves (worn)
 t - a +0 kite shield
 D - a scarf of harm (worn)
 H - a +2 robe of the Archmagi
 I - a +0 plate armour
Jewellery
 g - a ring of positive energy
 n - a +4 ring of evasion
 p - a +6 ring of intelligence
 r - a +4 ring of protection (right hand)
 u - the ring of Oneos (left hand) {rC+ Int+5 Slay-2 SInv}
   (You acquired it on level 4 of the Dungeon)

   [ring of protection from cold]

   Int:       It affects your intelligence (+5).
   Slay:      It affects your accuracy & damage with ranged weapons and melee
   (-2).
   rC:        It protects you from cold.
   SInv:      It lets you see invisible.
 v - a ring of protection from fire
 x - a +6 ring of strength
Wands
 y - a wand of digging (12)
 z - a wand of flame (26)
 E - a wand of mindburst (8)
 P - a wand of paralysis (4)
 Q - a wand of polymorph (3)
Scrolls
 c - 6 scrolls of teleportation
 f - 5 scrolls of vulnerability
 j - 3 scrolls of identify
 B - 2 scrolls of fog
 J - a scroll of holy word
 M - a scroll of blinking
 O - a scroll of summoning
Potions
 d - 3 potions of attraction
 k - 4 potions of flight
 q - a potion of might
 s - 2 potions of resistance
 w - 3 potions of brilliance {unknown}
 A - a potion of ambrosia {unknown}
 F - a potion of heal wounds {unknown}
 K - 2 potions of degeneration {unknown}
 L - 4 potions of lignification {unknown}


   Skills:
 + Level 9.6 Fighting
 + Level 12.4 Polearms
 + Level 0.3 Throwing
 + Level 11.1 Armour
 + Level 8.2 Dodging
 + Level 2.3 Stealth
 + Level 9.5 Shields


You had 10 spell levels left.
You didn't know any spells.
Your spell library was empty.

Dungeon Overview and Level Annotations

Branches:
Dungeon (10/15)            Temple (0/1) D:5            Lair (0/6) D:10
  Sewer (visited)          Bailey (visited)
    Orc: D:9-12

Altars:
Ashenzari
Elyvilon
Fedhas
Hepliaklqana
Qazlal
Ru
Sif Muna
Trog
Wu Jian
Xom
Yredelemnul
Zin

Shops:
D:1 *   D:5 [   D:9 (


Innate Abilities, Weirdness & Mutations

You have a pair of horns on your head.
You reflexively headbutt those who attack you in melee.


Message History

The electric eel shoots out a bolt of lightning at you!
The bolt of electricity misses you.
You closely miss the electric eel. You puncture the electric eel!
You headbutt the electric eel, but do no damage.
The electric eel is heavily wounded.
The electric eel shoots out a bolt of lightning at you!
The bolt of electricity hits you.
You puncture the electric eel!
You kill the electric eel!
Trog accepts your kill.
You hear a splash.
Why would you want to do that?
You hit the electric eel.
The electric eel is moderately wounded.
The electric eel shoots out a bolt of lightning at you!
The bolt of electricity hits you! x2
The bolt of electricity hits the electric eel.
The electric eel completely resists.
You hit the electric eel. Your headbutt misses the electric eel.
The electric eel is moderately wounded.
You closely miss the electric eel.
The electric eel is moderately wounded.
You hit the electric eel.
The electric eel is heavily wounded.
You miss the electric eel.
The electric eel is heavily wounded.
The electric eel shoots out a bolt of lightning at you!
The bolt of electricity hits you! x2
* * * LOW HITPOINT WARNING * * *
The bolt of electricity misses the electric eel.
You barely miss the electric eel. You headbutt the electric eel.
The electric eel is severely wounded.
You completely miss the electric eel.
The electric eel is severely wounded.
The electric eel shoots out a bolt of lightning at you!
The bolt of electricity hits you!
* * * LOW HITPOINT WARNING * * *
The bolt of electricity hits you!
You die...

##.######.#####.#..#.#.##.#.###
##.##...........#..#......#.#
........#..#######...#.####.#
.......)#..# #.......#.# #.#
........#.<# #.##.####.####.#
.....)).#.####.#########....#
........#.......#.....≈######
........########..≈≈≈..#
...........#....@≈≈≈≈≈.#
.#####.....#.##..S≈≈≈≈∩#
.#...........###.≈≈≈≈≈.#
.#.##.....#### ...≈≈≈..#
.#.#......# .#.....≈#
.#.#.#....# #. #######
##.#......# #. #........# #.
#######.###


You could see an electric eel.

Vanquished Creatures
  Josephine (D:10)
  Fannar (D:10)
  2 vault guards (Bailey)
  A hydra (D:7)
  The ghost of Ekaitz the Arsonist, a novice DsFE of Makhleb (D:9)
  7 gargoyles
  A freezing wraith (D:9)
  A blink frog (Bailey)
  3 shadows
  4 wraiths
  A wyvern (D:8)
  6 yaks (D:10)
  4 humans (Bailey)
  A steam dragon (D:9)
  4 water moccasins
  5 orc warriors
  A sky beast (D:7)
  2 black bears
  2 ogres
  2 centaurs
  2 phantoms
  3 kobold brigands
  6 bullfrogs
  3 scorpions
  2 wyvern zombies
  4 killer bees (D:10)
  8 wights (D:10)
  An electric eel (D:9)
  6 howler monkeys
  A centaur zombie (D:6)
  A centaur skeleton (D:6)
  A jelly (D:5)
  4 orc priests
  4 hounds
  2 bullfrog skeletons
  2 iguanas
  Jessica (D:2)
  Terence (D:2)
  5 orc wizards
  A merfolk siren (Sewer)
  A merfolk avatar (Sewer)
  A howler monkey skeleton (D:7)
  3 river rats (Sewer)
  8 adders
  3 worms
  A dart slug (D:1)
  29 orcs
  15 ball pythons
  5 bats
  9 endoplasms
  8 giant cockroaches
  13 goblins
  13 hobgoblins
  7 jackals
  5 quokkas
  8 frilled lizards
  24 kobolds
  33 rats
294 creatures vanquished.

Vanquished Creatures (others)
  2 fungi (D:10)
  8 plants
10 creatures vanquished.

Grand Total: 304 creatures vanquished

Notes
Turn   | Place    | Note
-------+----------+-------------------------------------------
     0 | D:1      | boopmooplesden the Minotaur Berserker began the quest for
                  | the Orb.
     0 | D:1      | Reached XP level 1. HP: 19/19 MP: 0/0
   106 | D:1      | Reached XP level 2. HP: 11/27 MP: 1/1
   107 | D:1      | Reached skill level 4 in Polearms
   582 | D:1      | Found a faded altar of an unknown god.
   903 | D:1      | Reached XP level 3. HP: 33/33 MP: 2/2
   912 | D:1      | Found Judashrib's General Store.
   971 | D:1      | Reached ** piety under Trog
  1370 | D:2      | Noticed Jessica
  1376 | D:2      | Killed Jessica
  1377 | D:2      | Reached XP level 4. HP: 40/41 MP: 3/3
  1621 | D:2      | Noticed Terence
  1629 | D:2      | Killed Terence
  1630 | D:2      | Reached skill level 5 in Polearms
  2639 | D:3      | Reached XP level 5. HP: 47/47 MP: 4/4
  2673 | D:3      | Found a bloodstained altar of Trog.
  2674 | D:3      | Found a basalt altar of Yredelemnul.
  2677 | D:3      | Found a hazy altar of Hepliaklqana.
  2680 | D:3      | Found a broken altar of Ashenzari.
  2680 | D:3      | Found a blossoming altar of Fedhas.
  2687 | D:3      | Reached skill level 1 in Stealth
  2694 | D:3      | Found a glowing silver altar of Zin.
  2862 | D:3      | Reached *** piety under Trog
  3286 | D:4      | Found a shimmering altar of Xom.
  3292 | D:4      | Reached skill level 5 in Fighting
  3371 | D:4      | Found a glowing drain.
  3375 | Sewer    | Entered a sewer
  3465 | Sewer    | Reached XP level 6. HP: 56/56 MP: 5/5
  3525 | Sewer    | Reached skill level 6 in Polearms
  3541 | Sewer    | Reached **** piety under Trog
  3859 | Sewer    | Identified a scroll of acquirement
  3859 | Sewer    | Acquired the +2 buckler of Qigh {Rampage rF++ Will++}
  3957 | D:4      | Acquired the ring of Oneos {rC+ Int+5 Slay-2 SInv}
  4274 | D:5      | Entered Level 5 of the Dungeon
  4274 | D:5      | Noticed a water moccasin
  4286 | D:5      | Killed a water moccasin
  4287 | D:5      | Reached XP level 7. HP: 41/61 MP: 6/6
  4503 | D:5      | Reached skill level 7 in Polearms
  4505 | D:5      | Found Viudyufos's Antique Armour Emporium.
  4534 | D:5      | Reached skill level 1 in Shields
  4616 | D:5      | Found a staircase to the Ecumenical Temple.
  4644 | D:5      | Reached skill level 5 in Armour
  5143 | D:6      | Reached XP level 8. HP: 69/70 MP: 7/7
  5221 | D:6      | Reached skill level 5 in Dodging
  5318 | D:6      | Reached skill level 8 in Polearms
  5562 | D:6      | Found a shimmering blue altar of Sif Muna.
  6050 | D:7      | Found a flagged portal.
  6076 | Bailey   | Entered a bailey
  6133 | Bailey   | Reached skill level 9 in Polearms
  6133 | Bailey   | Reached XP level 9. HP: 68/75 MP: 8/8
  6745 | Bailey   | Reached ***** piety under Trog
  6867 | Bailey   | Noticed a vault guard
  6885 | Bailey   | Killed a vault guard
  6886 | Bailey   | Reached skill level 10 in Polearms
  6886 | Bailey   | Reached skill level 5 in Shields
  7136 | Bailey   | Noticed a vault guard
  7161 | Bailey   | Killed a vault guard
  7162 | Bailey   | Reached XP level 10. HP: 59/86 MP: 9/9
  7398 | D:7      | Found a stormy altar of Qazlal.
  7765 | D:7      | Noticed a six-headed hydra
  7772 | D:7      | Killed a six-headed hydra
  7773 | D:7      | Reached skill level 11 in Polearms
  8581 | D:8      | Found a sacrificial altar of Ru.
  8906 | D:9      | Noticed a two-headed ogre
  8917 | D:10     | Entered Level 10 of the Dungeon
  9092 | D:10     | Noticed Fannar
  9103 | D:10     | Found an ornate altar of the Wu Jian Council.
  9124 | D:10     | Killed Fannar
  9125 | D:10     | Reached skill level 10 in Armour
  9677 | D:10     | Found a white marble altar of Elyvilon.
  9712 | D:10     | Reached XP level 11. HP: 95/95 MP: 10/10
  9775 | D:10     | Reached skill level 12 in Polearms
 10302 | D:10     | Noticed Josephine
 10319 | D:10     | Killed Josephine
 10392 | D:10     | Found a staircase to the Lair.
 11500 | D:9      | Found a runed translucent gate.
 11502 | D:9      | Found a runed translucent gate.
 11673 | D:9      | Found a runed translucent gate.
 11678 | D:9      | Noticed Ekaitz's ghost (novice DsFE)
 11706 | D:9      | Killed Ekaitz's ghost
 11878 | D:9      | Found Ikopuch's Antique Weapon Shoppe.
 11891 | D:9      | Killed from afar by an electric eel

Illustrated notes

Levels and vault maps discovered:
D:1:      sevenhm_arrival_forest_fort_small_5, layout_rooms, serial_shops,
          nicolae_shop_advertising_works [nicolae_subvault_shop_adworks],
          hellmonk_ecumenical_altar_arch_garden, minmay_pentomino_t2
D:2:      layout_loops_ring, serial_bayou, serial_bayou_shore_a,
          serial_bayou_pond_d, serial_bayou_shore_b, serial_bayou_ford_a,
          serial_bayou_pond_b, serial_bayou_pond_d, uniq_jessica, uniq_terence
D:3:      layout_loops_ring, grunt_temple_overflow_open
D:4:      layout_loops_ring, lemuel_round_altar, gup_sewer_entry_bowl
D:5:      layout_cave_pools, minmay_temple_entry_ruins, serial_shops,
          nicolae_shop_statue_plus
D:6:      layout_rooms, led_sif_book, nicolae_lava_and_water,
          uniq_prince_ribbit1
D:7:      layout_gridville, mainiacjoe_overflow_alcove_2, enter_bailey_4,
          minmay_small_thing
D:8:      layout_loops_ring, nicolae_ru_awakened_eye
D:9:      cheibrodos_statue_roulette, layout_basic, serial_shops,
          nicolae_lakefront_shop, gammafunk_ghost_spectres
D:10:     layout_cave_pools, mainiacjoe_overflow_cross_hatched,
          elyvilon_altar_3, grunt_lair_entry_orc_guard_hut, minivault_26,
          uniq_fannar, uniq_josephine

Skill      XL: |  1  2  3  4  5  6  7  8  9 10 11 |
---------------+----------------------------------+-----
Polearms       | 4 5 6 7 9 10 11 12 | 12.4
Fighting       | 4 5 6 7 8 9 |  9.6
Dodging        | 3 4 5 6 7 8 |  8.2
Stealth        | 1 2 |  2.3
Armour         | 3 4 5 7 8 10 11 | 11.1
Shields        | 1 3 6 7 9 |  9.5
Throwing       | |  0.3

Action                   |  1- 3 |  4- 6 |  7- 9 | 10-12 || total
-------------------------+-------+-------+-------+-------++-------
Melee: Spear             |    96 |   278 |   367 |   553 ||  1294
       Headbutt          |    12 |    46 |    89 |   133 ||   280
       Punch             |       |     2 |       |       ||     2
Throw: Javelin           |       |     3 |       |       ||     3
Invok: Berserk           |       |       |     7 |    10 ||    17
  Use: Scroll            |       |    11 |     3 |     5 ||    19
 Stab: Sleeping          |       |     1 |       |       ||     1
Armor: Animal skin       |    22 |     1 |       |       ||    23
       Scale mail        |       |    83 |    94 |   126 ||   303
Dodge: Dodged            |    67 |   169 |   132 |   156 ||   524
Block: Buckler           |       |    10 |    72 |   125 ||   207
